 Dungeon Crawl Stone Soup version 0.25.1-2-g60ff931df9 (webtiles) character file.

Game seed: 16736014212085365185

181 pokeman the Magician (level 5, -1/29 HPs)
             Began as a Deep Elf Wizard on Oct 12, 2020.
             Slain by an ogre
             ... wielding a +0 giant club
              (9 damage)
             ... on level 4 of the Dungeon.
             The game lasted 00:06:17 (3743 turns).

pokeman the Magician (Deep Elf Wizard)              Turns: 3743, Time: 00:06:17

Health: -1/29      AC:  3    Str:  4    XL:     5   Next: 34%
Magic:  8/15       EV: 12    Int: 24    God:
Gold:   109        SH:  0    Dex: 13    Spells: 5/16 levels left

rFire    . . .     SeeInvis .   i - +0 mace (drain)
rCold    . . .     Gourm    .   (no shield)
rNeg     . . .     Faith    .   q - +0 leather armour
rPois    .         Spirit   .   b - +0 hat
rElec    .         Reflect  .   (no cloak)
rCorr    .         Harm     .   (no gloves)
MR       .....     Rnd*Tele +   (no boots)
Stlth    ++........             p - amulet of the acrobat
HPRegen  0.09/turn              m - ring of teleportation (curse)
MPRegen  0.14/turn              (no ring)

@: no status effects
A: no striking features
a: no special abilities


You were on level 4 of the Dungeon.
You were very hungry.

You visited 1 branch of the dungeon, and saw 4 of its levels.

You collected 109 gold pieces.

Inventory:

Hand Weapons
 i - a +0 mace of draining (weapon)
Armour
 b - a +0 hat (worn)
 q - a +0 leather armour (worn)
Jewellery
 m - a cursed ring of teleportation (left hand)
 p - an amulet of the acrobat (around neck)
Scrolls
 a - a scroll of remove curse {unknown}
 c - a scroll of immolation {unknown}
 e - a scroll of enchant armour {unknown}
 f - 3 scrolls of identify {unknown}
 h - 2 scrolls of teleportation {unknown}
 n - a scroll of magic mapping {unknown}
 o - a scroll of blinking {unknown}
 s - a scroll of noise {unknown}
Potions
 g - 2 potions of curing {unknown}
 j - 2 potions of might {unknown}
 k - a potion of stabbing {unknown}
 l - a potion of flight {unknown}
 r - a potion of degeneration {unknown}
Comestibles
 d - 4 rations


   Skills:
 - Level 1.0 Fighting
 - Level 1.0 Armour
 - Level 3.0 Dodging
 + Level 2.5 Stealth
 * Level 6.1 Spellcasting
 * Level 3.0 Conjurations
 - Level 1.1 Summonings
 - Level 1.1 Translocations
 - Level 1.3 Fire Magic
 + Level 0.2 Air Magic


You had 5 spell levels left.
You knew the following spells:

 Your Spells              Type           Power        Failure   Level  Hunger
a - Magic Dart            Conj           ###.         3%          1    None
b - Mephitic Cloud        Conj/Pois/Air  ##......     26%         3    #......
c - Call Imp              Summ           ##......     13%         2    None
d - Blink                 Tloc           N/A          13%         2    None
e - Conjure Flame         Conj/Fire      ###.....     17%         3    #......

Your spell library contained the following spells:

 Spells                   Type           Power        Failure   Level  Hunger
 Slow                     Hex            #.......     21%         2    None


Dungeon Overview and Level Annotations

Branches:
Dungeon (4/15)
 Temple: D:4-7

Altars:


Message History

The ogre is almost dead.
The ogre hits you with a +0 giant club!
Casting: Magic Dart (safe; 3% risk of failure)
Confirm with . or Enter, or press ? or * to list all spells.
Aiming: Magic Dart (safe; 3% risk of failure)
Press: ? - help, Shift-Dir - straight line, f/p - ogre
Aim: an ogre, wielding a +0 giant club (almost dead)
The magic dart hits the ogre.
The ogre is almost dead.
The ogre hits you with a +0 giant club!
* * * LOW HITPOINT WARNING * * *
Casting: Magic Dart (safe; 3% risk of failure)
Confirm with . or Enter, or press ? or * to list all spells.
Aiming: Magic Dart (safe; 3% risk of failure)
Press: ? - help, Shift-Dir - straight line, f/p - ogre
Aim: an ogre, wielding a +0 giant club (almost dead)
The magic dart hits the ogre.
The ogre is almost dead.
The ogre hits you with a +0 giant club!
You die...

# .# ##..#
#....#
###.....#
##........
#.@O......
#...........
#..#.........
#...
##........
..# ##.......
. ##.....
..?.. ..##.


You could see an ogre.

Vanquished Creatures
  A bullfrog skeleton (D:2)
  6 adders
  An ooze (D:2)
  4 worms
  2 dart slugs
  A leopard gecko (D:2)
  4 orcs (D:3)
  9 bats
  3 giant cockroaches
  12 goblins
  9 hobgoblins
  4 jackals (D:2)
  A ball python (D:2)
  6 frilled lizards
  6 kobolds
  7 rats
76 creatures vanquished.

Notes
Turn   | Place    | Note
-------+----------+-------------------------------------------
     0 | D:1      | pokeman the Deep Elf Wizard began the quest for the Orb.
     0 | D:1      | Reached XP level 1. HP: 10/10 MP: 7/7
   479 | D:1      | Reached XP level 2. HP: 16/16 MP: 7/9
   907 | D:1      | Reached skill level 5 in Spellcasting
  1227 | D:2      | Reached skill level 1 in Fighting
  1227 | D:2      | Reached skill level 1 in Armour
  1227 | D:2      | Reached XP level 3. HP: 4/20 MP: 0/11
  1232 | D:2      | Learned a level 3 spell: Mephitic Cloud
  1235 | D:2      | Learned a level 2 spell: Call Imp
  1238 | D:2      | Learned a level 2 spell: Blink
  1242 | D:2      | Learned a level 3 spell: Conjure Flame
  1608 | D:2      | Reached XP level 4. HP: 9/25 MP: 1/13
  2269 | D:2      | Reached skill level 1 in Fire Magic
  2678 | D:3      | Reached XP level 5. HP: 28/29 MP: 3/15
  3179 | D:3      | Reached skill level 6 in Spellcasting
  3735 | D:4      | Noticed an ogre
  3743 | D:4      | Slain by an ogre

Illustrated notes

Levels and vault maps discovered:
D:1:      onia_arrival_mini_spirals, layout_loops_ring, minmay_misc_feat_five
D:2:      layout_rooms
D:3:      layout_loops_cross, st_stairs_11, kennysheep_path_1
D:4:      minmay_spotlight, layout_cave_pods, nicolae_dithmenos_shadow_blocks,
          uniq_pikel

Skill      XL: |  1  2  3  4  5 |
---------------+----------------+-----
Spellcasting   | 5 6 |  6.1
Fighting       | 1 |  1.0
Armour         | 1 |  1.0
Conjurations   | 2 3 |  3.0
Fire Magic     | 1 |  1.3
Dodging        | 3 |  3.0
Stealth        | |  2.5
Summonings     | |  1.1
Translocations | |  1.1
Air Magic      | |  0.2

Action                   |  1- 3 |  4- 6 || total
-------------------------+-------+-------++-------
Melee: Mace              |     7 |    13 ||    20
 Cast: Magic Dart        |    78 |   117 ||   195
  Eat: Chunk             |     2 |     5 ||     7
Armor: Robe              |     3 |     3 ||     6
       Leather armour    |       |     1 ||     1
Dodge: Dodged            |    22 |    42 ||    64
